 Dungeon Crawl Stone Soup version 0.22-a0-136-g83a10e5 (webtiles) character file.

865 Alarkh the Digger (level 8, -11/41 HPs)
             Began as a Gargoyle Earth Elementalist on Feb 4, 2018.
             Shot with an arrow by a centaur (16 damage)
             ... on level 5 of the Dungeon.
             The game lasted 00:07:59 (4123 turns).

Alarkh the Digger (Gargoyle Earth Elementalist)     Turns: 4123, Time: 00:08:00

Health: -11/41     AC:  4    Str: 12    XL:     8   Next: 3%
Magic:  7/15       EV: 11    Int: 18    God:
Gold:   131        SH:  3    Dex: 10    Spells: 12/16 levels left

rFire    . . .     SeeInvis .   a - +0 scimitar (vamp)
rCold    . . .     Gourm    .   m - +0 buckler
rNeg     + . .     Faith    .   c - +1 robe
rPois    ∞         Spirit   .   (no helmet)
rElec    +         Reflect  .   (no cloak)
rCorr    .         Harm     .   (no gloves)
MR       .....                  (no boots)
Stlth    ++........             (no amulet)
HPRegen  0.13/turn              t - ring of wizardry
MPRegen  0.14/turn              u - -4 ring of protection (curse)

@: no status effects
A: negative energy resistance 1, electricity resistance, unbreathing,
petrification resistance, rot immunity, AC +5
a: no special abilities


You were on level 5 of the Dungeon.
You were not hungry.

You visited 1 branch of the dungeon, and saw 5 of its levels.

You collected 293 gold pieces.
You spent 162 gold pieces at shops.

Inventory:

Hand Weapons
 a - a +0 vampiric scimitar (weapon)
 f - a +0 mace
Missiles
 b - 174 stones (quivered)
Armour
 c - a +1 robe (worn)
 m - a +0 buckler (worn)
Magical Staves
 w - an uncursed staff of earth {unknown}
Jewellery
 i - an uncursed ring of teleportation
 t - a ring of wizardry (left hand)
 u - a cursed -4 ring of protection (right hand)
Wands
 l - a wand of flame (37)
 v - a wand of enslavement (11)
Scrolls
 e - a scroll of identify
 h - 2 scrolls of enchant armour
 j - 2 scrolls of noise
 n - a scroll of enchant weapon
 p - a scroll of fear
 q - 4 scrolls of remove curse
 x - a scroll of random uselessness {unknown}
 y - a scroll of teleportation
 z - a scroll of blinking
Potions
 g - 2 potions of haste
 k - a potion of curing
 o - a potion of might
Books
 r - a book of Geomancy

   Spells                             Type                      Level
   a - Sandblast                      Earth                        1
   b - Passwall                       Transmutation/Earth          2
   c - Stone Arrow                    Conjuration/Earth            3
   d - Petrify                        Transmutation/Earth          4
   e - Lee's Rapid Deconstruction     Earth                        5
Comestibles
 d - 8 rations
 s - 9 chunks of flesh


   Skills:
 * Level 3.9 Long Blades
 - Level 1.5 Dodging
 - Level 2.1 Stealth
 + Level 4.7 Spellcasting
 + Level 3.2 Conjurations
   Level 0.7 Transmutations
 + Level 6.8 Earth Magic


You had 12 spell levels left.
You knew the following spells:

 Your Spells              Type           Power        Failure   Level  Hunger
a - Sandblast             Erth           ####..       1%          1    None
e - Stone Arrow           Conj/Erth      ###...       3%          3    ###....


Dungeon Overview and Level Annotations

Branches:
Dungeon (5/15)
 Temple: D:4-7

Altars:
Makhleb
Sif Muna

Shops:
D:5 ?


Innate Abilities, Weirdness & Mutations

You are resistant to torment.
Your stone body is resilient. (AC +5)
You are immune to poison.
You resist negative energy. (rN+)
You are resistant to electric shocks. (rElec)
You can survive without breathing.
You are immune to petrification.
You are immune to rotting.


Message History

a dagger; a robe
Things that are here:
a short sword; a ring mail There isn't anything to butcher here.
Unknown command.
You start resting.
Your magical contamination has completely faded away.
You start resting.
Your extra speed is starting to run out.
You start resting.
You feel yourself slow down.
You start resting.
A centaur comes into view.
Things that are here:
a dagger; a robe The centaur shouts!
The centaur wields a shortbow.
The centaur shoots an arrow.
The arrow hits you!
* * * LOW HITPOINT WARNING * * *
The centaur shoots an arrow.
The arrow hits you!
You die...

...............##...###
..............###..##
..............##...#
..............##..##
...c........)##...#
........)....#...##
........)........#
..........##.....#
........@..###......#
.............##....##
..................##
..................#
.......#..........#
........##.........
..###).e###..... ##
#<...# .... #........


You could see a centaur.

Vanquished Creatures
  Grinder (D:4)
  Duvessa (D:5)
  Blork the orc (D:4)
  Dowan (D:5)
  2 howler monkeys
  3 electric eels (D:3)
  An orc priest (D:4)
  A hound (D:3)
  An iguana (D:4)
  Ijyb (D:4)
  A worker ant (D:3)
  A howler monkey skeleton (D:4)
  5 adders
  An adder zombie (D:5)
  2 worms
  A dart slug (D:1)
  A leopard gecko (D:2)
  4 orcs (D:5)
  5 giant cockroaches
  9 goblins
  2 hobgoblins
  7 jackals (D:4)
  A bat (D:1)
  5 frilled lizards
  2 kobolds
  4 rats
64 creatures vanquished.

Notes
Turn   | Place    | Note
-------+----------+-------------------------------------------
     0 | D:1      | Alarkh the Gargoyle Earth Elementalist began the quest for the Orb.
     0 | D:1      | Reached XP level 1. HP: 10/10 MP: 3/3
   442 | D:1      | Reached skill level 4 in Earth Magic
   442 | D:1      | Reached XP level 2. HP: 9/15 MP: 3/5
  1316 | D:2      | Found a deep blue altar of Sif Muna.
  1447 | D:3      | Reached XP level 3. HP: 18/19 MP: 1/7
  1491 | D:3      | Found a transporter.
  1561 | D:3      | Found a transporter.
  1581 | D:3      | Reached XP level 4. HP: 17/24 MP: 3/8
  1663 | D:3      | Reached skill level 5 in Earth Magic
  1692 | D:3      | Reached XP level 5. HP: 19/28 MP: 7/10
  2093 | D:3      | Found a burning altar of Makhleb.
  2229 | D:3      | Learned a level 3 spell: Stone Arrow
  2259 | D:4      | Reached skill level 1 in Long Blades
  2270 | D:3      | Reached skill level 1 in Conjurations
  2270 | D:3      | Reached XP level 6. HP: 22/32 MP: 1/11
  2690 | D:4      | Noticed Blork the orc
  2692 | D:4      | Noticed Grinder
  3093 | D:4      | Paralysed by Grinder for 7 turns
  3110 | D:4      | Killed Grinder
  3110 | D:4      | Reached skill level 6 in Earth Magic
  3110 | D:4      | Reached XP level 7. HP: 18/36 MP: 3/13
  3120 | D:4      | Killed Blork the orc
  3543 | D:4      | Noticed Ijyb
  3580 | D:4      | Killed Ijyb
  3755 | D:5      | Entered Level 5 of the Dungeon
  3755 | D:5      | Noticed Duvessa
  3755 | D:5      | Noticed Dowan
  3872 | D:5      | Found Uloqoim's Magic Scroll Shop.
  3890 | D:5      | Bought a scroll of identify for 26 gold pieces
  3890 | D:5      | Bought a scroll of teleportation for 39 gold pieces
  3890 | D:5      | Bought a scroll of blinking for 97 gold pieces
  4057 | D:5      | Killed Duvessa
  4062 | D:5      | Killed Dowan
  4062 | D:5      | Reached XP level 8. HP: 5/41 MP: 0/15
  4123 | D:5      | Shot with an arrow by a centaur

Vault maps used:
D:1:      lemuel_arrival_river_ford, st_stairs_4
D:2:      led_sif_pool, minmay_pentomino_r2
D:3:      gammafunk_steamed_eel, lemuel_coloured_pillars_altar
D:4:      kennysheep_goblin_castle, first_ration, uniq_blork_the_orc,
          uniq_grinder
D:5:      gammafunk_temple_overflow_statue, serial_shops,
          nicolae_shop_waterfront, grunt_ministairs_8, tgw_trog, uniq_duvessa,
          uniq_sigmund

Skill      XL: |  1  2  3  4  5  6  7 |
---------------+----------------------+-----
Earth Magic    | 4 5 6 |  6.8
Spellcasting   | 3 4 |  4.7
Long Blades    | 1 2 3 |  3.9
Conjurations   | 1 2 3 |  3.2
Dodging        | |  1.5
Stealth        | |  2.1
Transmutations | |  0.7

Action                   |  1- 3 |  4- 6 |  7- 9 || total
-------------------------+-------+-------+-------++-------
Melee: Unarmed           |     4 |       |       ||     4
       Mace              |     5 |    10 |       ||    15
       Scimitar          |       |    51 |    83 ||   134
 Cast: Sandblast         |    33 |    29 |    12 ||    74
       Stone Arrow       |       |     5 |     3 ||     8
  Use: Scroll            |     9 |       |     1 ||    10
       Potion            |       |     4 |     3 ||     7
 Stab: Sleeping          |       |     1 |       ||     1
  Eat: Chunk             |     2 |     2 |     5 ||     9
       Ration            |       |     2 |       ||     2
Armor: Robe              |    11 |    30 |    23 ||    64
       Skin              |       |       |    23 ||    23
Dodge: Dodged            |    21 |    58 |    65 ||   144
Block: Buckler           |       |    16 |    17 ||    33
       Rpst.: Scimitar   |       |    14 |    24 ||    38

Table legend:
 A = Spawn XP
 B = Non-spawn XP
 C = Spawn XP percentage of total XP
 D = Spawn monster count
 E = Non-spawn monster count
 F = Spawn count percentage of total count
 G = Total turns spent on level
                    A         B        C        D         E        F      G
               +---------+---------+-------+---------+---------+-------+---------
         Total |       0 |    1237 |   0.0 |       0 |      64 |   0.0 |  4123
               +---------+---------+-------+---------+---------+-------+---------
           D:1 |       0 |      13 |   0.0 |       0 |       7 |   0.0 |   960
           D:2 |       0 |      12 |   0.0 |       0 |       7 |   0.0 |   475
           D:3 |       0 |     328 |   0.0 |       0 |      16 |   0.0 |   927
           D:4 |       0 |     625 |   0.0 |       0 |      26 |   0.0 |  1475
           D:5 |       0 |     259 |   0.0 |       0 |       8 |   0.0 |   286
               +---------+---------+-------+---------+---------+-------+---------
